 Dungeon Crawl Stone Soup version 0.24-a0-789-g35933f4585 (webtiles) character file.

Game seed: 11545144292749448291, levelgen mode: deterministic

1552 Johnny the Digger (level 8, 0/66 HPs)
             Began as a Demigod Earth Elementalist on Oct 9, 2019.
             Slain by a wight
             ... wielding a cursed +4 spear
              (6 damage)
             ... on level 6 of the Dungeon.
             The game lasted 00:05:07 (7021 turns).

Johnny the Digger (Demigod Earth Elementalist)      Turns: 7021, Time: 00:05:07

Health: 0/66       AC:  3    Str: 11    XL:     8   Next: 31%
Magic:  7/18       EV: 14    Int: 23    God:
Gold:   227        SH:  0    Dex: 16    Spells: 14/15 levels left

rFire    . . .     SeeInvis .   a - +3 dagger (venom)
rCold    . . .     Gourm    .   (no shield)
rNeg     . . .     Faith    .   c - +0 robe
rPois    .         Spirit   .   (no helmet)
rElec    .         Reflect  .   k - +0 cloak
rCorr    .         Harm     .   (no gloves)
MR       .....                  (no boots)
Stlth    ++........             (no amulet)
HPRegen  0.21/turn              (no ring)
MPRegen  0.16/turn              (no ring)

@: drained
A: high mp 1
a: no special abilities


You were on level 6 of the Dungeon.
You were very hungry.

You visited 1 branch of the dungeon, and saw 6 of its levels.

You collected 227 gold pieces.

Inventory:

Hand Weapons
 a - a +3 dagger of venom (weapon)
Missiles
 b - 89 stones (quivered)
Armour
 c - a +0 robe (worn)
 k - a +0 cloak (worn)
Jewellery
 f - an uncursed ring of fire
Scrolls
 g - a scroll of remove curse
Potions
 e - a potion of resistance {unknown}
 h - a potion of berserk rage {unknown}
 j - a potion of lignification
Comestibles
 d - 11 rations


   Skills:
 + Level 4.1(3.5) Fighting
 + Level 4.6(4.0) Dodging
 - Level 1.7(1.1) Stealth
 + Level 4.3(3.7) Spellcasting
   Level 0.8(0.2) Transmutations
 * Level 6.8(6.1) Earth Magic


You had 14 spell levels left.
You knew the following spells:

 Your Spells              Type           Power        Failure   Level  Hunger
a - Sandblast             Erth           ####..       1%          1    None

Your spell library contained the following spells:

 Spells                   Type           Power        Failure   Level  Hunger
 Passwall                 Tmut/Erth      ###.....     4%          2    #......
 Stone Arrow              Conj/Erth      ###...       9%          3    ###....
 Magic Dart               Conj           #...         11%         1    None
 Blink                    Tloc           N/A          16%         2    #......
 Call Imp                 Summ           #.......     16%         2    #......
 Slow                     Hex            #.......     16%         2    #......
 Lee's Rapid Deconstruct  Erth           ####......   24%         5    ######.
 Petrify                  Tmut/Erth      ###.....     28%         4    ####...
 Conjure Flame            Conj/Fire      #.......     32%         3    ###....
 Mephitic Cloud           Conj/Pois/Air  #.......     32%         3    ###....


Dungeon Overview and Level Annotations

Branches:
Dungeon (6/15)
 Temple: D:4-7


Innate Abilities, Weirdness & Mutations

You have an increased reservoir of magic. (+10% MP)


Message History

The blast of sand hits the wight but does no damage.
b - 90 stones The wight hits you with a cursed +0 mace!
You feel drained.
The wight hits you from afar with a cursed +4 spear!
* * * LOW HITPOINT WARNING * * *
Casting: Sandblast (safe; 1% risk of failure)
Confirm with . or Enter, or press ? or * to list all spells.
Aiming: Sandblast (safe; 1% risk of failure)
Press: ? - help, Shift-Dir - straight line, f/p - wight
Aim: a wight, wielding a +0 mace and wearing a +0 robe The blast of sand hits the wight.
The wight is moderately damaged.
b - 89 stones The wight hits you with a cursed +0 mace!
* * * LOW HITPOINT WARNING * * *
You feel drained.
* * * LOW HITPOINT WARNING * * *
The wight hits you from afar with a cursed +4 spear.
You die...

#..# #...
#........#
#..####...
+.<......#
#.........
#........#
#..####... #...
....# #..# #...
...z ... #..# #...
####.z##.# #..#
#... ......)#z###
#..# #...
......)@...####..#
#...
.....#.#.#.......#
##.
.........#..###.##
.....##.##..# #.#
..... ......# #.#
.... .#.#...# #.#
### #.#.....# #.#
# ......# #.#
##...#. .#


You could see 3 wights.

Vanquished Creatures
  Grinder (D:5)
  Menkaure (D:4)
  Duvessa (D:5)
  An ice beast (D:5)
  Blork the orc (D:4)
  2 bullfrogs
  Dowan (D:5)
  2 wights (D:6)
  4 hounds
  2 bullfrog skeletons (D:5)
  An orc priest (D:4)
  Crazy Yiuf (D:5)
  4 orc wizards
  An iguana (D:4)
  5 worker ants
  A hound skeleton (D:4)
  4 gnolls (D:3)
  A howler monkey skeleton (D:6)
  7 adders
  An ooze (D:1)
  A worm (D:1)
  6 leopard geckos
  17 orcs
  2 bats
  6 giant cockroaches
  7 goblins
  5 hobgoblins
  4 jackals (D:5)
  8 kobolds
  4 quokkas
  4 frilled lizards
  9 rats
115 creatures vanquished.

Notes
Turn   | Place    | Note
-------+----------+-------------------------------------------
     0 | D:1      | Johnny the Demigod Earth Elementalist began the quest for
                  | the Orb.
     0 | D:1      | Reached XP level 1. HP: 14/14 MP: 5/5
   850 | D:1      | Reached skill level 3 in Earth Magic
   850 | D:1      | Reached XP level 2. HP: 9/22 MP: 2/7
  1032 | D:1      | You fall into a shaft and drop 1 floor!
  1335 | D:2      | Reached skill level 1 in Fighting
  1338 | D:2      | Reached XP level 3. HP: 16/28 MP: 5/8
  1370 | D:2      | HP: 1/28 [poisoned by a goblin]
  1376 | D:2      | HP: 1/28 [poisoned by a goblin]
  2616 | D:2      | Reached XP level 4. HP: 33/35 MP: 10/10
  4095 | D:4      | Reached skill level 4 in Earth Magic
  4103 | D:4      | Reached XP level 5. HP: 19/41 MP: 5/11
  4526 | D:4      | Noticed Blork the orc
  4537 | D:4      | Killed Blork the orc
  4560 | D:4      | Reached XP level 6. HP: 7/48 MP: 6/13
  4911 | D:4      | Found a shimmering blue altar of Sif Muna.
  5649 | D:4      | Noticed Menkaure
  5664 | D:4      | Killed Menkaure
  5664 | D:4      | Reached skill level 5 in Earth Magic
  5666 | D:4      | Reached XP level 7. HP: 7/56 MP: 4/15
  5986 | D:5      | Entered Level 5 of the Dungeon
  6316 | D:5      | Noticed Dowan
  6317 | D:5      | Noticed Duvessa
  6328 | D:5      | Killed Dowan
  6328 | D:5      | Reached skill level 6 in Earth Magic
  6336 | D:5      | Noticed Grinder
  6346 | D:5      | Killed Grinder
  6346 | D:5      | Reached XP level 8. HP: 41/66 MP: 7/17
  6506 | D:5      | Killed Duvessa
  6552 | D:5      | Found a runed translucent door.
  6553 | D:5      | Noticed Crazy Yiuf
  6846 | D:5      | Found a glowing golden altar of the Shining One.
  6917 | D:5      | Killed Crazy Yiuf
  7021 | D:6      | Slain by a wight

Levels and vault maps discovered:
D:1:      onia_arrival_mini_maze_b, layout_loops_cross
D:2:      layout_loops_cross
D:3:      layout_basic, kennysheep_generic_room_3
D:4:      minmay_chambers_of_twos, layout_basic, first_ration,
          hangedman_decor_peaks_small, led_sif_book, uniq_menkaure,
          uniq_blork_the_orc
D:5:      layout_loops_ring, lemuel_round_altar, uniq_grinder,
          uniq_crazy_yiuf_cottage, uniq_duvessa
D:6:      layout_basic

Skill      XL: |  1  2  3  4  5  6  7  8 |
---------------+-------------------------+-----
Dodging        | 2 3 4 |  4.6
Earth Magic    | 3 4 5 6 |  6.8
Spellcasting   | 2 3 4 |  4.3
Fighting       | 1 2 3 4 |  4.1
Stealth        | |  1.7
Transmutations | |  0.8

Action                   |  1- 3 |  4- 6 |  7- 9 || total
-------------------------+-------+-------+-------++-------
Melee: Unarmed           |    40 |       |       ||    40
       Spear             |    69 |    51 |       ||   120
       Dagger            |       |    66 |    55 ||   121
 Cast: Sandblast         |    20 |    43 |    63 ||   126
  Use: Potion            |     3 |     1 |     3 ||     7
       Scroll            |     6 |     7 |     1 ||    14
 Stab: Sleeping          |     4 |     6 |     4 ||    14
  Eat: Chunk             |     5 |     9 |     4 ||    18
Armor: Robe              |    13 |    22 |    10 ||    45
       Skin              |       |     6 |    13 ||    19
Dodge: Dodged            |    59 |    96 |    73 ||   228

Table legend:
 A = Non-vault XP
 B = Vault XP
 C = Vault XP percentage of total XP
 D = Non-vault monster count
 E = Vault monster count
 F = Vault count percentage of total count
                 A         B        C        D         E       F
            +---------+---------+-------+---------+---------+-------
      Total |    1240 |     978 |  44.1 |      99 |      16 |  13.9
            +---------+---------+-------+---------+---------+-------
        D:1 |      33 |       5 |  13.2 |      16 |       1 |   5.9
        D:2 |      87 |       0 |   0.0 |      25 |       0 |   0.0
        D:3 |      77 |       0 |   0.0 |       9 |       0 |   0.0
        D:4 |     248 |     444 |  64.2 |      17 |      11 |  39.3
        D:5 |     569 |     529 |  48.2 |      27 |       4 |  12.9
        D:6 |     226 |       0 |   0.0 |       5 |       0 |   0.0
            +---------+---------+-------+---------+---------+-------
